 Dungeon Crawl Stone Soup version 0.23-b1-13-gf37ab262a9 (webtiles) character file.

Game seed: 2055405263747983530

525 MagicalGaucho the Sneak (level 7, 0/55 HPs)
             Began as a Naga Earth Elementalist on Feb 3, 2019.
             Slain by an orc
             ... wielding a +1 flail of protection
              (7 damage)
             ... on level 5 of the Dungeon.
             The game lasted 00:13:48 (4618 turns).

MagicalGaucho the Sneak (Naga Earth Elementalist)   Turns: 4618, Time: 00:13:49

Health: 0/55       AC:  4    Str: 10    XL:     7   Next: 22%
Magic:  17/22      EV:  9    Int: 18    God:
Gold:   233        SH:  6    Dex: 11    Spells: 4/14 levels left

rFire    . . .     SeeInvis +   b - +0 hunting sling
rCold    . . .     Gourm    .   s - +2 buckler
rNeg     + . .     Faith    .   r - +1 robe {rN+}
rPois    +         Spirit   .   (no helmet)
rElec    .         Reflect  .   k - scarf {cloud immunity}
rCorr    .         Harm     .   (no gloves)
MR       .....                  (no barding)
Stlth    +++.......             (no amulet)
HPRegen  0.18/turn              q - ring of magical power
MPRegen  0.18/turn              (no ring)

@: hasted, quick
A: large, see invisible, deformed body, poison resistance, slowness 2, slow
metabolism 1, spit poison 1, AC +2
a: Spit Poison


You were on level 5 of the Dungeon.
You were very hungry.

You visited 1 branch of the dungeon, and saw 5 of its levels.

You collected 233 gold pieces.

Inventory:

Hand Weapons
 a - a +0 dagger
 b - a +0 hunting sling (weapon)
Missiles
 f - 159 stones
 i - 13 javelins
 n - 30 sling bullets (quivered)
Armour
 c - a +0 robe
 k - a scarf of cloud immunity (worn)
 r - a +1 robe of positive energy (worn)
 s - a +2 buckler (worn)
Jewellery
 q - a ring of magical power (left hand)
Scrolls
 g - a scroll of immolation {unknown}
 h - a scroll of fog {unknown}
 o - 2 scrolls of enchant armour {unknown}
 t - a scroll of blinking {unknown}
 u - a scroll of magic mapping {unknown}
Potions
 j - a potion of might
 l - a potion of brilliance
 m - a potion of berserk rage
Comestibles
 d - 10 rations


   Skills:
 - Level 1.5 Dodging
 + Level 6.8 Stealth
 * Level 1.8 Shields
 + Level 4.1 Spellcasting
 + Level 0.6 Conjurations
 - Level 1.0 Transmutations
 + Level 4.9 Earth Magic


You had 4 spell levels left.
You knew the following spells:

 Your Spells              Type           Power        Failure   Level  Hunger
a - Sandblast             Erth           ###...       1%          1    None
b - Passwall              Tmut/Erth      ##......     7%          2    ##.....
c - Stone Arrow           Conj/Erth      ##....       16%         3    ###....
d - Petrify               Tmut/Erth      ##......     43%         4    ####...

Your spell library contained the following spells:

 Spells                   Type           Power        Failure   Level  Hunger
 Lee's Rapid Deconstruct  Erth           ###.......   50%         5    ######.


Dungeon Overview and Level Annotations

Branches:
Dungeon (5/15)
 Temple: D:4-7

Altars:
Ashenzari
Zin

Annotations:
D:5 Duvessa, Edmund


Innate Abilities, Weirdness & Mutations

You cannot wear boots.
Your serpentine skin is tough. (AC +2)
You have supernaturally acute eyesight. (SInv)
Armour fits poorly on your strangely shaped body.
Your system is resistant to poisons. (rPois)
You cover ground very slowly.
You have a slow metabolism.
You can spit poison.


Message History

Press: ? - help, Shift-Dir - straight line, f/p - orc priest
Aim: an orc priest, wielding a +0 dagger (almost dead)
The blast of sand hits the orc but does no damage.
f - 161 stones
Casting: Sandblast (safe; 1% risk of failure)
Confirm with . or Enter, or press ? or * to list all spells.
Aiming: Sandblast (safe; 1% risk of failure)
Press: ? - help, Shift-Dir - straight line, f/p - orc priest
Aim: an orc priest, wielding a +0 dagger (almost dead)
The blast of sand hits the orc but does no damage.
f - 160 stones
Casting: Sandblast (safe; 1% risk of failure)
Confirm with . or Enter, or press ? or * to list all spells.
Aiming: Sandblast (safe; 1% risk of failure)
Press: ? - help, Shift-Dir - straight line, f/p - orc priest
Aim: an orc priest, wielding a +0 dagger (almost dead)
The blast of sand hits the orc but does no damage.
f - 159 stones The orc hits you with a +1 flail of protection!
You die... #.# ## #.# .##### ... .....### oo.

......... #.#
.###.#### #o#
...# # #o#
##.# #o# .#
### #.. #@#
...e
.............#
..
....$##.##.#.#
##.#.# .....
#.# .# ...#
.#.#.<.##.##.#
#### .#
#.........#
####.# .#
#.........#
.....##(# #.#
...(....# #.#


You could see an orc priest, an orc wizard and 3 orcs.

Vanquished Creatures
  Dowan (D:5)
  A hound (D:4)
  3 orc priests
  2 orc wizards (D:3)
  3 iguanas
  2 worker ants (D:4)
  A worker ant zombie (D:5)
  6 adders
  An adder skeleton (D:4)
  A worm (D:2)
  3 dart slugs
  2 leopard geckos
  14 orcs
  10 bats
  4 giant cockroaches
  9 goblins
  9 hobgoblins
  7 jackals (D:3)
  A quokka (D:2)
  4 frilled lizards
  6 kobolds
  8 rats
98 creatures vanquished.

Notes
Turn   | Place    | Note
-------+----------+-------------------------------------------
     0 | D:1      | MagicalGaucho the Naga Earth Elementalist began the quest
                  | for the Orb.
     0 | D:1      | Reached XP level 1. HP: 15/15 MP: 3/3
   105 | D:1      | Reached XP level 2. HP: 12/22 MP: 1/5
   580 | D:1      | Reached XP level 3. HP: 28/28 MP: 6/6
   935 | D:2      | Reached skill level 4 in Stealth
  1260 | D:2      | Reached XP level 4. HP: 36/36 MP: 3/8
  2161 | D:3      | Reached skill level 5 in Stealth
  2246 | D:3      | Reached XP level 5. HP: 32/42 MP: 6/9
  2944 | D:3      | Reached XP level 6. HP: 49/49 MP: 11/11
  3245 | D:4      | Learned a level 2 spell: Passwall
  3249 | D:4      | Learned a level 3 spell: Stone Arrow
  3254 | D:4      | Learned a level 4 spell: Petrify
  3295 | D:4      | Reached skill level 6 in Stealth
  3928 | D:4      | Found a shattered altar of Ashenzari.
  3929 | D:4      | Found a glowing silver altar of Zin.
  4010 | D:4      | Reached skill level 1 in Shields
  4371 | D:5      | Entered Level 5 of the Dungeon
  4377 | D:5      | Reached XP level 7. HP: 53/55 MP: 13/13
  4486 | D:5      | Noticed Duvessa
  4525 | D:5      | Noticed Dowan
  4544 | D:5      | Killed Dowan
  4571 | D:5      | Noticed Edmund
  4618 | D:5      | Slain by an orc

Skill      XL: |  1  2  3  4  5  6 |
---------------+-------------------+-----
Stealth        | 4 5 6 |  6.8
Spellcasting   | 3 4 |  4.1
Earth Magic    | 4 |  4.9
Shields        | 1 |  1.8
Dodging        | |  1.5
Conjurations   | |  0.6
Transmutations | |  1.0

Action                   |  1- 3 |  4- 6 |  7- 9 || total
-------------------------+-------+-------+-------++-------
Melee: Dagger            |    27 |    10 |       ||    37
 Fire: Hunting sling     |       |   133 |     7 ||   140
Throw: Javelin           |     6 |     4 |       ||    10
 Cast: Sandblast         |    15 |    50 |    11 ||    76
 Abil: Spit Poison       |    24 |    16 |       ||    40
  Use: Scroll            |       |     4 |     3 ||     7
       Potion            |       |       |     2 ||     2
 Stab: Sleeping          |       |     2 |       ||     2
  Eat: Chunk             |     2 |     8 |       ||    10
Armor: Robe              |     8 |    21 |     6 ||    35
Dodge: Dodged            |    18 |    58 |     5 ||    81
Block: Buckler           |       |     4 |     3 ||     7
